 Dungeon Crawl Stone Soup version 0.17.2-1-ge4368a0 (console) character file.

2488 CALLOUS the Fighter (level 9, -1/127 HPs)
             Began as a Hill Orc Air Elementalist on Oct 17, 2019.
             Was a Follower of Beogh.
             Slain by a water moccasin (3 damage)
             ... on level 8 of the Dungeon on Oct 18, 2019.
             The game lasted 04:00:06 (13931 turns).

CALLOUS the Fighter (Hill Orc Air Elementalist)    Turns: 13931, Time: 04:00:06

Health: -1/127     AC: 24    Str: 13 (14) XL:     9   Next: 52%
Magic:  12/12      EV:  2    Int: 15      God:    Beogh [*.....]
Gold:   272        SH:  0    Dex:  1 (11) Spells: 4 memorised, 4 levels left

rFire  . . .     SeeInvis .     a - +0 hunting sling
rCold  . . .     Clarity  .     (armour currently unavailable)
rNeg   + + +     SustAt   .     z - +0 shield
rPois  +         Gourm    .     (helmet currently unavailable)
rElec  .         Spirit   .     (cloak currently unavailable)
rCorr  .         Warding  .     (gloves currently unavailable)
rMut   .         NoTele   +     (boots currently unavailable)
MR     .....                    (no amulet)
Stlth  ..........               (no ring)
                                (no ring)

@: lethally poisoned (-1 -> -1), tree-form (expiring), slowed, lost dexterity,
repel missiles, very slow, not resistant to hostile enchantments, extremely
unstealthy
A: (slimy green scales 0), (thin metallic scales 0), deterioration 2, sense
surroundings 1, regeneration 1
a: Renounce Religion


You were on level 8 of the Dungeon.
You worshipped Beogh.
Beogh was aware of your devotion.
You were near starving.
You were a tree.
You visited 3 branches of the dungeon, and saw 10 of its levels.

You collected 407 gold pieces.
You spent 135 gold pieces at shops.

Inventory:

Hand Weapons
 a - a +0 hunting sling (weapon)
 b - a +0 club
 e - a +4 glaive
 y - a +0 hand axe
 Z - a +0 shortbow
Missiles
 n - 65 stones (quivered)
 E - 27 arrows
 I - 17 arrows of frost
 X - 11 tomahawks
Armour
 z - a +0 shield (worn)
 V - a +1 hat (melded)
 W - a +2 ring mail of fire resistance (melded)
Jewellery
 g - a cursed +4 ring of protection {unknown}
Wands
 h - a wand of cold (1)
 q - a wand of magic darts (25)
 r - a wand of fireball (8)
 D - a wand of slowing (1)
 F - a wand of flame (28)
 O - a wand of paralysis (0)
Scrolls
 f - 2 scrolls of magic mapping {unknown}
 j - a scroll of amnesia {unknown}
 s - 4 scrolls of identify {unknown}
 u - 2 scrolls of recharging {unknown}
 v - a scroll of noise {unknown}
 A - 2 scrolls of enchant armour {unknown}
 B - 4 scrolls of remove curse {unknown}
 G - a scroll of random uselessness {unknown}
 K - a scroll of immolation {unknown}
 R - 4 scrolls of blinking {unknown}
 S - 4 scrolls of teleportation {unknown}
Potions
 m - 3 potions of lignification
 p - 2 potions of curing
 P - a potion of brilliance
Comestibles
 c - 6 bread rations
 d - 5 meat rations
 i - 2 slices of pizza
 l - a royal jelly
 o - a beef jerky


   Skills:
 * Level 9.7 Fighting
 * Level 6.7 Axes
 + Level 6.8 Armour
 - Level 1.5 Dodging
 - Level 2.0 Stealth
 + Level 0.9 Shields
 - Level 1.5 Spellcasting
 - Level 1.0 Conjurations
 - Level 2.4 Air Magic
 * Level 5.2 Invocations


You had 4 spell levels left.
You knew the following spells:

 Your Spells              Type           Power        Failure   Level  Hunger
a - Shock                 Conj/Air       #...         75%         1    ##.....
b - Repel Missiles        Chrm/Air       #.....       96%         2    ###....
c - Swiftness             Chrm/Air       #.......     96%         2    ###....
d - Stoneskin             Trmt/Erth      #.......     99%         2    ###....


Dungeon Overview and Level Annotations

Branches:
Dungeon (8/15)             Temple (1/1) D:7            Lair (1/8) D:8

Altars:
Ashenzari
Cheibriados
Dithmenos
Elyvilon
Fedhas
Gozag
Kikubaaqudgha
Makhleb
Nemelex Xobeh
Okawaru
Ru
Vehumet
Xom
Yredelemnul
Zin
The Shining One

Shops:
D:4 !

Annotations:
D:2 2 exclusions
D:3 1 exclusion
D:4 exclusion: scorpion
D:5 2 exclusions
D:6 exclusions: ice beast and scorpion
D:7 1 exclusion
D:8 Prince Ribbit


Innate Abilities, Weirdness & Mutations

((You are partially covered in slimy green scales (AC +2).))
((You are partially covered in thin metallic scales (AC +2).))
Your body often deteriorates upon taking damage.
You passively map a small area around you.
Your natural rate of healing is unusually fast.


Message History

Zapping:
h - a wand of cold {zapped: 2} (will waste charges)
Press: ? - help, Shift-Dir - straight line, f/p - porcupine
Aim: a porcupine (almost dead)
The bolt of cold hits the porcupine.
You kill the porcupine!
Beogh accepts your kill.
You feel your dexterity returning.
Evoking this partially-identified wand wasted a few charges.
Your transformation is almost over.
You feel sick.
The water moccasin bites you but does no damage. x2
Zapping:
h - a wand of cold {zapped: 4} (will waste charges)
Press: ? - help, Shift-Dir - straight line, f - water moccasin
Aim: a water moccasin (black smoke, lightly wounded)
The bolt of cold misses the water moccasin.
Evoking this partially-identified wand wasted a few charges.
The water moccasin bites you. Beogh protects you from harm!
The water moccasin bites you.
You die...

#....._...# ,* ,,
#.........# ,* ,
#.........#, , ,,
#.........# , * , ,,
#.........#, , , * *
###.........#####, , , ,
#.#####.........##### , ,
#...........≈≈......# , ,,
#........≈≈≈≈.§.....#, , ,
#......§§≈≈≈.≈≈§....# ,
#......§§§.♣S§§...(.#
###+##......§§§≈§§≈≈.###+#,
#............≈≈≈≈≈§..§..,
#..............≈≈≈....... ,
#........................
#...##........##.##......
#...############.. ...... ,
#.............#### ..... +
#............######, , ,
#............##...# ,
#...##.......##...# , ,


You could see a water moccasin.

Vanquished Creatures
  A fire drake (D:8)
  An orc warrior (Temple)
  Duvessa (D:6)
  A porcupine (D:8)
  An ice beast (D:7)
  3 ogres
  A phantom (D:6)
  A centaur (D:7)
  4 giant frogs
  Dowan (D:6)
  A scorpion (D:7)
  A crimson imp (D:5)
  3 hounds
  A quasit (D:7)
  2 centaur skeletons
  2 orc priests
  5 worker ants
  A giant frog skeleton (D:7)
  A wasp zombie (D:6)
  2 giant frog zombies
  A jelly (D:5)
  5 iguanas
  3 orc wizards
  A hound zombie (D:5)
  4 gnolls (D:5)
  14 adders
  An ooze (D:6)
  5 adder zombies
  An adder skeleton (D:6)
  4 worms
  9 giant geckos
  14 orcs
  11 bats
  9 giant cockroaches
  9 goblins
  9 hobgoblins
  11 jackals
  5 quokkas
  3 ball pythons
  2 giant gecko skeletons
  11 giant newts
  A jackal zombie (D:3)
  8 kobolds
  6 rats
181 creatures vanquished.

Vanquished Creatures (others)
  An orc priest (D:4)
1 creature vanquished.

Grand Total: 182 creatures vanquished

Notes
Turn   | Place    | Note
--------------------------------------------------------------
     0 | D:1      | CALLOUS the Hill Orc Air Elementalist began the quest for the Orb.
     0 | D:1      | Reached XP level 1. HP: 14/14 MP: 3/3
   274 | D:1      | Reached skill level 1 in Fighting
   316 | D:1      | Reached XP level 2. HP: 23/23 MP: 2/4
   320 | D:1      | Learned a level 2 spell: Repel Missiles
  1164 | D:1      | Reached XP level 3. HP: 30/30 MP: 3/5
  1171 | D:1      | Learned a level 2 spell: Swiftness
  2018 | D:3      | Reached skill level 1 in Axes
  2130 | D:2      | Reached skill level 3 in Fighting
  2295 | D:2      | Reached XP level 4. HP: 25/38 MP: 0/6
  2605 | D:2      | Found an iron altar of Okawaru.
  3718 | D:2      | Reached skill level 4 in Fighting
  4148 | D:3      | Reached XP level 5. HP: 41/46 MP: 4/7
  5104 | D:3      | Reached skill level 5 in Fighting
  5413 | D:4      | Found Tiwukual's Distillery.
  5418 | D:4      | Bought a potion of mutation for 25 gold pieces
  5418 | D:4      | Gained mutation: You are partially covered in slimy green scales (AC +2). [potion of mutation]
  5418 | D:4      | Gained mutation: You passively map a small area around you. [potion of mutation]
  5418 | D:4      | Gained mutation: Your body sometimes deteriorates upon taking damage. [potion of mutation]
  5419 | D:4      | Gained mutation: Your natural rate of healing is unusually fast. [potion of mutation]
  5419 | D:4      | Gained mutation: Your body often deteriorates upon taking damage. [potion of mutation]
  5419 | D:4      | Gained mutation: You are partially covered in thin metallic scales (AC +2). [potion of mutation]
  5420 | D:4      | Bought a potion of brilliance for 40 gold pieces
  5420 | D:4      | Bought a potion of degeneration for 10 gold pieces
  5420 | D:4      | Bought 2 potions of lignification for 60 gold pieces
  5727 | D:4      | Reached XP level 6. HP: 46/56 MP: 1/8
  5830 | D:4      | Became a worshipper of Beogh the Brigand
  5934 | D:4      | Reached skill level 1 in Invocations
  6037 | D:4      | Found an opulent altar of Gozag.
  6059 | D:4      | Reached skill level 6 in Fighting
  6602 | D:4      | Found a burning altar of Makhleb.
  6602 | D:4      | Noticed a balrug
  6635 | D:4      | Found a glowing silver altar of Zin.
  6636 | D:4      | Found a sacrificial altar of Ru.
  6636 | D:4      | Found a shattered altar of Ashenzari.
  6636 | D:4      | Found a shadowy altar of Dithmenos.
  6728 | D:4      | Found a shimmering altar of Xom.
  6728 | D:4      | Found a sparkling altar of Nemelex Xobeh.
  6841 | D:5      | Entered Level 5 of the Dungeon
  6977 | D:5      | Found a blossoming altar of Fedhas.
  7020 | D:5      | Reached XP level 7. HP: 48/64 MP: 3/9
  7484 | D:5      | Reached skill level 7 in Fighting
  7484 | D:5      | Reached skill level 1 in Armour
  8228 | D:5      | Reached skill level 5 in Axes
  8800 | D:5      | Reached XP level 8. HP: 55/74 MP: 0/10
  8965 | D:6      | Noticed Duvessa
  8966 | D:6      | Noticed Dowan
  9426 | D:5      | Reached skill level 8 in Fighting
  9619 | D:6      | Killed Duvessa
  9625 | D:6      | Killed Dowan
 10044 | D:4      | Noticed a smoke demon
 10044 | D:4      | Noticed an orange demon
 10818 | D:6      | Reached * piety under Beogh
 11351 | D:6      | Learned a level 2 spell: Stoneskin
 11566 | D:7      | Found a white marble altar of Elyvilon.
 11597 | D:7      | Reached skill level 5 in Armour
 11755 | D:7      | Found a staircase to the Ecumenical Temple.
 11857 | D:7      | Reached skill level 9 in Fighting
 11857 | D:7      | Reached XP level 9. HP: 81/83 MP: 4/12
 11871 | Temple   | Entered the Ecumenical Temple
 13037 | D:7      | Found an ancient bone altar of Kikubaaqudgha.
 13624 | D:8      | Noticed Prince Ribbit
 13811 | D:8      | Noticed a fire drake
 13812 | D:8      | Lost dexterity.
 13835 | D:8      | Killed a fire drake
 13835 | D:8      | Reached skill level 5 in Invocations
 13869 | D:8      | Found a staircase to the Lair.
 13873 | D:8      | Found a basalt altar of Yredelemnul.
 13900 | Lair:1   | Entered Level 1 of the Lair of Beasts
 13928 | D:8      | HP: 6/127 [water moccasin (6)]
 13929 | D:8      | HP: 2/127 [porcupine (4)]
 13931 | D:8      | Beogh protects you from harm!
 13931 | D:8      | Slain by a water moccasin

Action                   |  1- 3 |  4- 6 |  7- 9 || total
-------------------------+-------+-------+-------++-------
Melee: Unarmed           |    53 |       |       ||    53
       Club              |       |    54 |   230 ||   284
 Fire: Hunting sling     |    15 |   163 |   412 ||   590
Throw: Stone             |    60 |    11 |       ||    71
       Tomahawk          |       |       |     4 ||     4
 Cast: Shock             |    42 |   102 |   201 ||   345
       Repel Missiles    |     2 |     1 |     2 ||     5
Invok: Convert to Beogh  |       |     1 |       ||     1
Evoke: Wand              |       |       |    16 ||    16
  Use: Potion            |       |     2 |     3 ||     5
 Stab: Sleeping          |     1 |       |       ||     1
  Eat: Chunk             |     5 |    18 |    20 ||    43
       Fruit             |       |       |     4 ||     4
       Meat ration       |       |       |     1 ||     1
